 Dungeon Crawl Stone Soup version 0.28.0-1-gb440e238dd (webtiles) character file.

Game seed: 1086135962776853510

46 issech the Cudgeller (level 3, -2/36 HPs)
             Began as a Troll Monk on Feb 27, 2022.
             Slain by a gnoll (12 damage)
             ... on level 2 of the Dungeon.
             The game lasted 00:03:16 (1002 turns).

issech the Cudgeller (Troll Monk)                   Turns: 1002, Time: 00:03:18

Health: -2/36      AC:  4    Str: 19    XL:     3   Next: 44%
Magic:  2/2        EV: 10    Int:  6    God:
Gold:   47         SH:  0    Dex: 14    Spells: 2/2 levels left

rFire   . . .      SeeInvis .   i - +0 flail
rCold   . . .      Faith    .   (no shield)
rNeg    . . .      Spirit   .   b - +0 robe
rPois   .          Reflect  .   (helmet restricted)
rElec   .          Harm     .   (no cloak)
rCorr   .          Rampage  .   (gloves unavailable)
Will    .....                   (boots unavailable)
Stlth   ++........              (no amulet)
HPRegen 0.92/turn               (no ring)
MPRegen 0.08/turn               (no ring)

@: no status effects
A: large, unfitting armour, claws 3, regeneration 1, shaggy fur 1, tough skin 1
a: no special abilities


You were on level 2 of the Dungeon.
You visited 1 branch of the dungeon, and saw 2 of its levels.

You collected 47 gold pieces.

Inventory:

Hand Weapons
 a - a +0 mace
 i - a +0 flail (weapon)
 j - a +1 spear of freezing
Missiles
 c - 19 sling bullets
 d - 3 stones (quivered)
 f - 22 bolts
Armour
 b - a +0 robe (worn)
Scrolls
 e - a scroll of blinking {unknown}
 g - a scroll of brand weapon {unknown}
 h - a scroll of teleportation {unknown}


   Skills:
 + Level 2.8 Fighting
 + Level 3.2 Maces & Flails
 + Level 2.7 Dodging
 + Level 1.2 Stealth


You had 2 spell levels left.
You didn't know any spells.
Your spell library was empty.

Dungeon Overview and Level Annotations

Branches:
Dungeon (2/15)

Altars:


Innate Abilities, Weirdness & Mutations

You are too large for most types of armour.
You have claws for hands.
Your natural rate of healing is unusually fast.
You are covered in fur. (AC +1)
You have tough skin. (AC +1)


Message History

There is a stone staircase leading down here.
You start resting.
HP restored.
You climb downwards.
The gnoll hits you with a +1 spear of freezing.
The gnoll freezes you. The gnoll barely misses you.
There is a stone staircase leading up, spattered with blood here.
The gnoll barely misses you.
You climb upwards.
There is a stone staircase leading down here.
You sock the gnoll!
The gnoll is severely wounded.
The gnoll hits you with a +1 spear of freezing!
The gnoll freezes you.
You thump the gnoll!
You kill the gnoll!
Things that are here:
a +1 spear of freezing; a gnoll corpse
j - a +1 spear of freezing
There is a stone staircase leading down, spattered with blood here.
You climb downwards.
The quokka closely misses you. The kobold barely misses you.
There is a stone staircase leading up, spattered with blood here.
You sock the kobold!
You kill the kobold!
The quokka misses you.
The gnoll hits you from afar with a +0 halberd!
The quokka bites you.
The gnoll hits you from afar with a +0 spear.
The quokka bites you but does no damage.
The gnoll hits you with a +0 halberd.
Things that are here:
a +0 dagger; 3 stones You sock the gnoll!
The gnoll is almost dead.
The quokka barely misses you.
The gnoll hits you from afar with a +0 spear.
* * * LOW HITPOINT WARNING * * *
The gnoll hits you with a +0 halberd!
You die...

#... +...
#... #...
#... ..g
#g#+#######
#.@<......#
##.r......#
#........+
#........#
#........#
#.........
#.........
..........


You could see 2 gnolls and a quokka.

Vanquished Creatures
  2 gnolls (D:1)
  A dart slug (D:1)
  2 ball pythons (D:1)
  An endoplasm (D:1)
  2 giant cockroaches (D:1)
  4 goblins (D:1)
  2 hobgoblins (D:1)
  A quokka (D:1)
  2 bats (D:1)
  3 frilled lizards (D:1)
  3 kobolds
  4 rats (D:1)
27 creatures vanquished.

Notes
Turn   | Place    | Note
-------+----------+-------------------------------------------
     0 | D:1      | issech the Troll Monk began the quest for the Orb.
     0 | D:1      | Reached XP level 1. HP: 22/22 MP: 0/0
   147 | D:1      | Reached XP level 2. HP: 29/29 MP: 1/1
   536 | D:1      | Reached skill level 3 in Maces & Flails
   929 | D:2      | HP: 1/29 [gnoll (2)]
   956 | D:1      | Reached XP level 3. HP: 15/36 MP: 2/2
  1002 | D:2      | Slain by a gnoll

Illustrated notes

Levels and vault maps discovered:
D:1:      sevenhm_arrival_forest_fort_large_4, layout_basic,
          nicolae_concentric_dashed_squares_mild
D:2:      layout_basic, serial_shops, shop

Skill      XL: |  1  2 |
---------------+-------+-----
Maces & Flails | 3 |  3.2
Fighting       | |  2.8
Dodging        | |  2.7
Stealth        | |  1.2

Action                   || total
-------------------------++-------
Melee: Mace              ||    73
       Flail             ||     4
 Stab: Sleeping          ||     3
Armor: Robe              ||    32
Dodge: Dodged            ||    66
